 Adventure DCSS version bcrawl-1.19-7-g22fd707d3b (webtiles) character file.

Game seed: 5624813860986121380

4965 Leeroy the Carver (level 10, -1/60 HPs)
             Began as a Skeleton Reaver on Nov 16, 2019.
             Was a Priest of Vehumet.
             Slain by a wolf (8 damage)
             ... on level 7 of the Dungeon.
             The game lasted 00:38:15 (13326 turns).

Leeroy the Carver (Skeleton Reaver)                Turns: 13326, Time: 00:38:15

Health: -1/60      AC:  6    Str: 16 (17) XL:     10   Next: 28%
Magic:  0/17       EV: 15    Int: 13 (14) God:    Vehumet [***...]
Gold:   497        SH: 12    Dex: 10      Spells: 1/19 levels left
                                        Lives:  0   Deaths: 2

rFire    . . .     SeeInvis .   I - +0 scimitar (curse)
rCold    + . .     Gourm    .   i - +0 buckler
rNeg     + + +     Faith    .   b - +0 steam dragon scales
rPois    ∞         Spirit   +   h - +0 hat
rElec    +         Reflect  +   (no cloak)
rCorr    .         Harm     .   n - +0 pair of gloves
MR       .....                  (no boots)
Stlth    +.........             w - +4 amulet of reflection
HPRegen  0.20/turn              u - ring of insulation
MPRegen  0.15/turn              (no ring)

@: vulnerable, very slightly contaminated
A: no food or potions, cold resistance 1, deterioration 1, negative energy
resistance 3, powered by death 1, torment resistance, unbreathing, magic shield,
sturdy frame 2, spell healing
a: Renounce Religion


You were on level 7 of the Dungeon.
You worshipped Vehumet.
Vehumet was most pleased with you.
You were not hungry.

You visited 3 branches of the dungeon, and saw 10 of its levels.

You collected 593 gold pieces.
You spent 96 gold pieces at shops.

Inventory:

Hand Weapons
 a - a +0 long sword
 p - a +0 dagger
 s - a +1 dagger of chaos
 A - a +0 dagger of venom
 G - a +0 dagger of speed
 I - a cursed +0 scimitar (weapon)
 J - a +3 scythe
 K - a +0 battleaxe
 L - a +0 dagger of venom
 M - a +0 broad axe
 N - a +0 battleaxe
 P - a +0 short sword of venom
Missiles
 d - 70 needles of frenzy
 e - 131 poisoned needles
 m - 1534 stones
 D - 351 tomahawks (quivered)
Armour
 b - +0 steam dragon scales (worn)
 h - a +0 hat (worn)
 i - a +0 buckler (worn)
 n - a +0 pair of gloves (worn)
 E - a +0 shield
 H - a +2 chain mail of magic resistance
 O - a +0 plate armour
Magical Staves
 y - an uncursed staff of fire
Jewellery
 j - an uncursed amulet of faith
 u - a ring of insulation (left hand)
 w - a +4 amulet of reflection (around neck)
 z - an uncursed amulet of guardian spirit
Wands
 f - a wand of flame (19)
 k - a wand of paralysis (13)
 r - a wand of polymorph (15)
 v - a wand of iceblast (6)
 x - a wand of random effects (3)
Scrolls
 c - a scroll of immolation
 g - a scroll of noise
 l - 5 scrolls of remove curse
 o - 4 scrolls of fog
 q - a scroll of amnesia
 B - 2 scrolls of vulnerability
 C - a scroll of teleportation {unknown}
 F - a scroll of enchant weapon {unknown}
 Q - a scroll of identify


   Skills:
 - Level 6.1 Fighting
 + Level 12.1 Long Blades
 - Level 3.1 Armour
 - Level 7.2 Dodging
 - Level 7.1 Shields
 - Level 5.3 Spellcasting
 * Level 4.3 Conjurations
 - Level 1.5 Charms
 - Level 0.1 Fire Magic
 - Level 1.3 Poison Magic


You had one spell level left.
You knew the following spells:

 Your Spells              Type           Power        Failure   Level  Hunger
a - Sandblast             Erth           #.....       5%          1    N/A
b - Sting                 Conj/Pois      ##..         1%          1    N/A
c - Ignite Poison         Fire/Tmut/Pois #.......     12%         3    N/A
d - Iskenderun's Battles  Conj/Chrm      ##......     36%         5    N/A
e - Dazzling Spray        Conj/Hex       #.....       6%          3    N/A
f - Passwall              Tmut/Erth      #.......     26%         2    N/A
g - Stone Arrow           Conj/Erth      #.....       6%          3    N/A

Your spell library contained the following spells:

 Spells                   Type           Power        Failure   Level  Hunger
 Lee's Rapid Deconstruct  Erth           #.........   73%         5    N/A
 Petrify                  Tmut/Erth      #.......     87%         4    N/A

Dungeon Overview and Level Annotations

Branches:
Dungeon (8/12)             Temple (1/1) D:6            Lair (1/6) D:7
    Orc: D:8-11

Altars:
Ashenzari
Cheibriados
Elyvilon
Fedhas
Gozag
Hepliaklqana
Kikubaaqudgha
Makhleb
Nemelex Xobeh
Okawaru
Qazlal
Ru
Sif Muna
Vehumet
Wu Jian
Xom
Yredelemnul
The Shining One

Shops:
D:6 *   D:7 *

Annotations:
D:3 1 transporter
D:5 1 runed translucent door, panicbit's ghost, novice MiFi


Innate Abilities, Weirdness & Mutations

You do not eat or drink.
You are immune to poison.
Your flesh is cold resistant. (rC+)
Your body sometimes deteriorates upon taking damage.
You are immune to negative energy. (rN+++)
You regenerate a little health from kills.
You are immune to unholy pain and torment.
You can survive without breathing.
When hurt, damage is shared between your health and your magic reserves.
Your movements are less encumbered by armour. (ER -4)
Casting spells heals you.


Message History

Confirm with . or Enter, or press ? or * to list all spells.
Aiming: Sting (safe; 1% risk of failure)
Press: ? - help, Shift-Dir - straight line, f - wolf
Aim: a wolf The sting misses the wolf.
The wolf closely misses you.
Blink to where?
Press: ? - help, Dir - move target cursor, p - wolf You are very lightly contaminated with residual magic.
As you read the scroll of blinking, it crumbles to dust.
You block the wolf's attack.
Casting: Sting (safe; 1% risk of failure)
Confirm with . or Enter, or press ? or * to list all spells.
Okay, then.
As you read the scroll labeled QANISO QIOMEACS, it crumbles to dust.
Magic quickly surges around you.
It was a scroll of vulnerability.
You block the wolf's attack.
As you read the scroll labeled MIOPNU AHUFUJ, it crumbles to dust.
You hear a loud clanging noise!
It was a scroll of noise.
The wolf bites you!
You die...

##################
...........†.§...#
.###############.#
.#........#....#h#######
.##(#...#.#.##.#@......#
.##.#.#.#.#..#.#.......#
'##.#.#.#†#.##.#.......#
<.#.#.#....<...#.......#
..#.#.###.###........###
....#.#.....'........#
....#.#.#.###........#
....#.#.#...'........#
'##.#.#.#####........#


You could see a wolf.

Vanquished Creatures
  A two-headed ogre (D:7)
  A cane toad (D:7)
  Grinder (D:5)
  A shadow (D:5)
  Sigmund (D:6)
  6 yaks
  A basilisk (D:7)
  4 porcupines
  A sky beast (D:5)
  An ice beast (D:6)
  2 ogres
  2 orc warriors
  4 phantoms
  2 wolves (D:7)
  4 centaurs
  A bullfrog (D:7)
  3 crocodiles
  A big kobold (D:6)
  6 killer bees
  An electric eel (D:7)
  3 crimson imps
  2 jellies
  3 orc priests
  2 hounds
  Ijyb (D:3)
  2 iguanas
  7 orc wizards
  3 worker ants
  Terence (D:2)
  A hound skeleton (D:2)
  10 adders
  2 shadow imps
  An ooze (D:4)
  2 adder zombies (D:6)
  4 worms
  5 dart slugs
  2 leopard geckos
  19 orcs
  4 giant cockroaches
  5 goblins
  8 hobgoblins
  5 jackals (D:1)
  13 kobolds
  3 quokkas
  2 ball pythons
  10 bats
  A frilled lizard (D:3)
  8 rats
173 creatures vanquished.

Vanquished Creatures (others)
  An orc wizard (D:4)
  3 bushes (D:7)
  3 fungi (D:7)
  19 plants (D:7)
  2 withered plants (D:5)
28 creatures vanquished.

Grand Total: 201 creatures vanquished

Notes
Turn   | Place    | Note
-------+----------+-------------------------------------------
     0 | D:1      | Leeroy the Skeleton Reaver began the quest for the Orb.
     0 | D:1      | Reached XP level 1. HP: 14/14 MP: 4/4
    54 | D:1      | Reached skill level 4 in Long Blades
   151 | D:1      | Reached XP level 2. HP: 19/19 MP: 6/6
  1017 | D:2      | Reached * piety under Vehumet
  1017 | D:2      | Offered knowledge of Sandblast by Vehumet.
  1017 | D:2      | Reached skill level 5 in Long Blades
  1020 | D:2      | Found a shimmering altar of Xom.
  1022 | D:2      | Reached XP level 3. HP: 23/23 MP: 7/7
  1123 | D:2      | Learned a level 1 spell: Sandblast
  1322 | D:2      | Noticed Terence
  1341 | D:2      | Killed Terence
  1341 | D:2      | Reached skill level 6 in Long Blades
  1341 | D:2      | Reached XP level 4. HP: 2/28 MP: 0/8
  2198 | D:3      | Noticed Ijyb
  2216 | D:3      | Killed Ijyb
  2216 | D:3      | Reached skill level 7 in Long Blades
  2216 | D:3      | Reached XP level 5. HP: 32/32 MP: 9/9
  2250 | D:3      | Offered knowledge of Sting by Vehumet.
  2250 | D:3      | Reached skill level 1 in Shields
  2253 | D:3      | Reached ** piety under Vehumet
  2256 | D:3      | Learned a level 1 spell: Sting
  2504 | D:3      | Found an iron altar of Okawaru.
  2526 | D:3      | Found a sparkling altar of Nemelex Xobeh.
  2526 | D:3      | Found a transporter.
  2718 | D:4      | Noticed a phantom
  3716 | D:4      | Killed a phantom
  3716 | D:4      | Gained mutation: You regenerate a little health from kills.
                  | [Skeleton growth]
  3716 | D:4      | Reached XP level 6. HP: 22/37 MP: 10/10
  3862 | D:4      | Found a radiant altar of Vehumet.
  3972 | D:4      | Reached skill level 5 in Shields
  4068 | D:4      | Reached XP level 7. HP: 2/41 MP: 0/11
  4071 | D:4      | Slain by a worker ant
  4072 | D:4      | Reached XP level 6. HP: -4/37 MP: 0/10
  4208 | D:3      | Reached skill level 1 in Conjurations
  4213 | D:3      | Reached skill level 1 in Poison Magic
  4522 | D:5      | Entered Level 5 of the Dungeon
  4634 | D:5      | Found a runed translucent door.
  4634 | D:5      | Noticed panicbit's ghost (novice MiFi)
  4663 | D:5      | Found a shattered altar of Ashenzari.
  4678 | D:5      | Noticed Grinder
  4689 | D:5      | Paralysed by Grinder for 3 turns
  4695 | D:5      | Killed Grinder
  4695 | D:5      | Reached XP level 7. HP: 30/44 MP: 7/11
  4814 | D:5      | Found a hazy altar of Hepliaklqana.
  5147 | D:5      | Found a snail-covered altar of Cheibriados.
  5186 | D:5      | Reached skill level 5 in Fighting
  5465 | D:5      | Reached XP level 8. HP: 45/50 MP: 10/12
  5747 | D:5      | HP: 1/51 [something (16)]
  5751 | D:5      | Annihilated by a shadow
  5752 | D:5      | Reached XP level 7. HP: -31/45 MP: 0/11
  6075 | D:5      | HP: 2/46 [orc priest/divine providence (10)]
  6919 | D:6      | Noticed Sigmund
  7150 | D:4      | Offered knowledge of Ignite Poison by Vehumet.
  7308 | D:4      | Learned a level 3 spell: Ignite Poison
  7804 | D:6      | Reached skill level 5 in Dodging
  7866 | D:6      | Found a staircase to the Ecumenical Temple.
  7890 | D:6      | Reached XP level 8. HP: 42/51 MP: 9/12
  7926 | D:6      | Found Duaddet's Assorted Antiques.
  7933 | D:6      | Bought a scimitar for 96 gold pieces
  7948 | D:6      | Found a blossoming altar of Fedhas.
  7967 | D:6      | Reached *** piety under Vehumet
  8205 | D:6      | Found a sacrificial altar of Ru.
  8555 | D:6      | Killed Sigmund
  8808 | Temple   | Entered the Ecumenical Temple
  9227 | D:7      | Found Yguusino's Mass Market.
 10244 | D:5      | Reached skill level 8 in Long Blades
 10303 | D:5      | Learned a level 5 spell: Iskenderun's Battlesphere
 10504 | D:7      | Offered knowledge of Dazzling Spray by Vehumet.
 10504 | D:7      | Reached skill level 1 in Armour
 10504 | D:7      | Reached skill level 1 in Charms
 10504 | D:7      | Reached XP level 9. HP: 32/55 MP: 8/13
 10509 | D:7      | Learned a level 3 spell: Dazzling Spray
 10714 | D:7      | Found a staircase to the Lair.
 10769 | D:6      | Reached skill level 5 in Spellcasting
 10949 | D:7      | Reached skill level 9 in Long Blades
 11143 | D:7      | Learned a level 2 spell: Passwall
 11147 | D:7      | Reached skill level 10 in Long Blades
 11214 | D:7      | Noticed a two-headed ogre
 11221 | D:7      | Killed a two-headed ogre
 11298 | D:7      | Gained mutation: Your movements are less encumbered by
                  | armour. (ER -4) [Skeleton growth]
 11298 | D:7      | Reached XP level 10. HP: 56/60 MP: 15/17
 11333 | D:7      | Reached skill level 11 in Long Blades
 11894 | D:7      | Reached **** piety under Vehumet
 11987 | Lair:1   | Entered Level 1 of the Lair of Beasts
 12134 | Lair:1   | Noticed a cane toad
 12542 | D:3      | Learned a level 3 spell: Stone Arrow
 13002 | D:7      | Killed a cane toad
 13130 | Lair:1   | Reached skill level 12 in Long Blades
 13326 | D:7      | Slain by a wolf

Skill      XL: |  1  2  3  4  5  6  7  8  9 10 |
---------------+-------------------------------+-----
Long Blades    | 4 5 6 7 8 10 12 | 12.1
Shields        | 4 7 |  7.1
Conjurations   | 2 3 4 |  4.3
Poison Magic   | 1 |  1.3
Fighting       | 4 6 |  6.1
Dodging        | 5 7 |  7.2
Armour         | 1 3 |  3.1
Charms         | 1 |  1.5
Spellcasting   | 5 |  5.3
Fire Magic     | |  0.1

Action                   |  1- 3 |  4- 6 |  7- 9 | 10-12 || total
-------------------------+-------+-------+-------+-------++-------
Melee: Long sword        |   138 |   181 |   230 |       ||   549
       Dagger            |       |   116 |       |       ||   116
       Scimitar          |       |       |   111 |    63 ||   174
 Cast: Sandblast         |     2 |     4 |     6 |       ||    12
       Sting             |       |    11 |    83 |    25 ||   119
       Ignite Poison     |       |       |    17 |     6 ||    23
       Dazzling Spray    |       |       |       |     2 ||     2
       Stone Arrow       |       |       |       |     1 ||     1
Evoke: Wand              |       |     5 |       |       ||     5
  Use: Scroll            |       |       |     8 |     4 ||    12
 Stab: Paralysed         |       |     9 |       |       ||     9
       Sleeping          |       |     2 |       |       ||     2
Armor: Steam dragon scal |    41 |    72 |    62 |    16 ||   191
Dodge: Dodged            |    80 |   156 |   162 |    55 ||   453
Block: Other             |       |     3 |       |       ||     3
       Buckler           |       |    34 |    97 |    81 ||   212
       Reflection        |       |       |     1 |       ||     1
